 Dungeon Crawl Stone Soup version 0.21.0 (webtiles) character file.

5174 inmateoo the Grappler (level 10, -12/76 HPs)
             Began as a Formicid Wanderer on Jan 6, 2018.
             Was a Follower of Cheibriados.
             Mangled by a two-headed ogre
             ... wielding a +0 giant spiked club
              (26 damage)
             ... on level 8 of the Dungeon.
             The game lasted 00:09:37 (7091 turns).

inmateoo the Grappler (Formicid Wanderer)           Turns: 7091, Time: 00:09:38

Health: -12/76     AC:  6    Str: 18    XL:     10   Next: 90%
Magic:  0/12       EV: 17    Int: 12    God:    Cheibriados [*.....]
Gold:   381        SH:  5    Dex: 14    Spells: 10/11 levels left

rFire    . . .     SeeInvis +     - Unarmed
rCold    + + +     Gourm    .   z - +2 buckler "Axzemati" {-Cast rF+ MR+}
rNeg     . . .     Faith    .   w - +1 ring mail "Hoschaku" {rElec rF- rC+++ SInv} (curse)
rPois    .         Spirit   +   (helmet unavailable)
rElec    +         Reflect  .   (no cloak)
rCorr    .         Harm     .   (no gloves)
MR       ++...     NoCast   +   (no boots)
Stlth    +.........             e - amulet of guardian spirit
HPRegen  0.22/turn              i - -4 ring of intelligence (curse)
MPRegen  0.13/turn              q - +6 ring of evasion

@: very slightly contaminated, invisible, very slow
A: permanent stasis, dig shafts and tunnels, four strong arms, antennae 3
a: Dig, Shaft Self, Bend Time, Renounce Religion


You were on level 8 of the Dungeon.
You worshipped Cheibriados.
Cheibriados was aware of your devotion.
You were not hungry.

You visited 2 branches of the dungeon, and saw 9 of its levels.

You collected 381 gold pieces.

Inventory:

Hand Weapons
 a - a +2 hand crossbow
 b - a +0 dagger of venom
 x - a +4 scythe of freezing
Missiles
 h - 9 bolts
Armour
 p - +1 steam dragon scales
 w - the cursed +1 ring mail "Hoschaku" (worn) {rElec rF- rC+++ SInv}
   (You found it on level 4 of the Dungeon)

   It makes you vulnerable to fire.
   It renders you almost immune to cold.
   It insulates you from electricity.
   It lets you see invisible.
   It has a curse placed upon it.
 z - the +2 buckler "Axzemati" (worn) {-Cast rF+ MR+}
   (You acquired it on level 7 of the Dungeon)

   It protects you from fire.
   It affects your resistance to hostile enchantments.
   It prevents spellcasting.
 F - a +0 pair of boots
Jewellery
 e - an amulet of guardian spirit (around neck)
 i - a cursed -4 ring of intelligence (left hand)
 k - an uncursed ring of magical power
 q - a +6 ring of evasion (right hand)
 t - an uncursed ring of wizardry {unknown}
 y - a +5 ring of intelligence
 B - an uncursed ring of protection from magic {unknown}
 E - an uncursed ring of resist corrosion {unknown}
Wands
 s - a wand of digging (7)
Potions
 g - 5 potions of curing
 j - 3 potions of mutation
 l - a potion of brilliance
 n - a potion of flight
 o - 3 potions of heal wounds
 v - a potion of resistance {unknown}
 D - a potion of might {unknown}
Books
 c - Itoskifa's Compendium of Changing

   Spells                             Type                      Level
   a - Beastly Appendage              Transmutation                1
   b - Spider Form                    Transmutation/Poison         3
 C - a book of Misfortune

   Spells                             Type                      Level
   a - Confusing Touch                Hexes                        1
   b - Confuse                        Hexes                        3
   c - Gell's Gravitas                Translocation                3
   d - Petrify                        Transmutation/Earth          4
   e - Metabolic Englaciation         Hexes/Ice                    5
   f - Yara's Violent Unravelling     Hexes/Transmutation          5
Comestibles
 d - 2 chunks of flesh
 f - 9 rations


   Skills:
 - Level 6.2 Fighting
 - Level 4.3 Polearms
 - Level 1.2 Crossbows
 - Level 1.2 Throwing
 - Level 3.4 Armour
 + Level 2.4 Dodging
 * Level 12.6 Unarmed Combat
 - Level 1.3 Spellcasting
   Level 1.5 Air Magic
 - Level 1.1 Evocations


You had 10 spell levels left.
You knew the following spells:

 Your Spells              Type           Power        Failure   Level  Hunger
a - Beastly Appendage     Tmut           #.....       63%         1    ##.....


Dungeon Overview and Level Annotations

Branches:
Dungeon (8/15)             Temple (1/1) D:7
   Lair: D:8-11

Altars:
Ashenzari
Cheibriados
Dithmenos
Elyvilon
Fedhas
Gozag
Hepliaklqana
Kikubaaqudgha
Makhleb
Nemelex Xobeh
Okawaru
Ru
Sif Muna
Trog
Vehumet
Zin
The Shining One


Innate Abilities, Weirdness & Mutations

You cannot be hasted, slowed, berserked, paralysed or teleported.
You can dig through walls and to a lower floor.
Your four strong arms can wield two-handed weapons with a shield.
You have a pair of large antennae on your head. (SInv)


Message History

You hit the two-headed ogre.
You kill the two-headed ogre!
Cheibriados thoroughly appreciates the change of pace.
Your Dodging skill increases to level 2!
You closely miss the quokka. The quokka closely misses you.
You catch the helpless quokka completely off-guard!
You punch the quokka!
You kill the quokka!
Cheibriados thoroughly appreciates the change of pace.
You hit the two-headed ogre.
The two-headed ogre is lightly wounded.
The two-headed ogre misses you.
The two-headed ogre hits you with a giant spiked club!!
* * * LOW HITPOINT WARNING * * *
You punch the two-headed ogre!
The two-headed ogre is moderately wounded.
You punch the two-headed ogre!
The two-headed ogre is heavily wounded.
The two-headed ogre hits you with a giant spiked club!!
You die...

(. #.##.#..#...##.
######..## ≈
#.##.##.#...#
..........
#.##.##.....#
####.....#
..##.###....# #
#......
{.##.###....# .#
#####..
..##.##.....##.#
#.. ##.##...##....
#.. #.......##.#.#
#.. #.......##@#.#
#.. #........#O#.#
#........#5>.#####
#........#........
#....###..........
####.# #..........
...............
#..#...#........
....$......#....


You could see a two-headed ogre and a shadow imp.

Vanquished Creatures
  2 two-headed ogres (D:8)
  The ghost of inmateoo the Chopper, a novice FoWn (D:4)
  Sigmund (D:5)
  Eustachio (D:4)
  A water moccasin (D:8)
  Duvessa (D:5)
  An orc warrior (D:8)
  A sky beast (D:8)
  A black bear (D:8)
  A necrophage (D:6)
  4 ogres
  A phantom (D:4)
  A centaur (D:6)
  A big kobold (D:7)
  7 bullfrogs
  Dowan (D:5)
  5 scorpions
  5 wights (D:6)
  A howler monkey (D:6)
  2 crimson imps
  3 orc priests
  2 bullfrog zombies
  2 centaur skeletons
  2 hounds
  A jelly (D:7)
  3 bullfrog skeletons
  4 iguanas
  3 orc wizards
  Natasha (thrice) (D:2)
  4 worker ants
  2 hound zombies (D:7)
  4 gnolls (D:5)
  14 adders
  A river rat (D:5)
  2 shadow imps (D:5)
  An adder skeleton (D:8)
  An adder zombie (D:6)
  2 worms
  A dart slug (D:3)
  10 leopard geckos
  11 orcs
  8 bats
  5 giant cockroaches
  9 goblins
  7 hobgoblins
  23 jackals
  14 kobolds
  4 quokkas
  5 ball pythons
  5 frilled lizards
  A giant cockroach zombie (D:5)
  A jackal skeleton (D:6)
  A leopard gecko skeleton (D:7)
  A quokka skeleton (D:4)
  11 rats
210 creatures vanquished.

Vanquished Creatures (others)
  A fungus (D:2)
1 creature vanquished.

Grand Total: 211 creatures vanquished

Notes
Turn   | Place    | Note
-------+----------+-------------------------------------------
     0 | D:1      | inmateoo the Formicid Wanderer began the quest for the Orb.
     0 | D:1      | inmateoo set off with: a +2 hand crossbow, 23 bolts, Itoskifa's Compendium of Changing, a +0 ring mail, a ration
     0 | D:1      | Reached XP level 1. HP: 15/15 MP: 2/2
    96 | D:1      | Reached XP level 2. HP: 21/21 MP: 3/3
   148 | D:1      | Reached skill level 1 in Unarmed Combat
   320 | D:1      | Reached XP level 3. HP: 26/26 MP: 5/5
   412 | D:1      | Identified Itoskifa's Compendium of Changing
   431 | D:1      | Learned a level 1 spell: Beastly Appendage
   729 | D:2      | Reached skill level 2 in Unarmed Combat
   760 | D:2      | Reached XP level 4. HP: 25/32 MP: 6/6
   876 | D:2      | Reached skill level 3 in Unarmed Combat
   892 | D:2      | Noticed Natasha
   898 | D:2      | Killed Natasha
   920 | D:2      | Noticed Natasha
   923 | D:2      | Killed Natasha
   923 | D:2      | Reached XP level 5. HP: 36/37 MP: 7/7
   989 | D:2      | Reached skill level 4 in Unarmed Combat
  1133 | D:2      | Found a glowing silver altar of Zin.
  1134 | D:2      | Found an opulent altar of Gozag.
  1218 | D:2      | Noticed Natasha
  1225 | D:2      | Killed Natasha
  1279 | D:2      | Found a shattered altar of Ashenzari.
  1283 | D:2      | Saw a vision of the Swamp and the Spider Nest.
  1283 | D:2      | Noticed a water moccasin
  1283 | D:2      | Noticed a water moccasin
  1283 | D:2      | Noticed an alligator
  1283 | D:2      | Noticed an alligator
  1283 | D:2      | Noticed a redback
  1283 | D:2      | Noticed a wolf spider
  1283 | D:2      | Noticed an alligator
  1283 | D:2      | Noticed a redback
  1347 | D:3      | Reached XP level 6. HP: 31/43 MP: 8/8
  1524 | D:2      | Reached skill level 5 in Unarmed Combat
  2088 | D:3      | Found a blossoming altar of Fedhas.
  2242 | D:4      | Noticed a phantom
  2248 | D:4      | Noticed inmateoo's ghost (novice FoWn)
  2280 | D:4      | Killed inmateoo's ghost
  2280 | D:4      | Reached skill level 7 in Unarmed Combat
  2280 | D:4      | Reached XP level 7. HP: 25/48 MP: 9/9
  2383 | D:4      | Got a twisted ring mail
  2394 | D:4      | Identified the cursed +1 ring mail "Hoschaku" {rElec rF- rC+++ SInv} (You found it on level 4 of the Dungeon)
  2578 | D:4      | Noticed Eustachio
  2625 | D:4      | Killed Eustachio
  2625 | D:4      | Reached skill level 8 in Unarmed Combat
  2625 | D:4      | Reached XP level 8. HP: 48/54 MP: 10/10
  3147 | D:5      | Entered Level 5 of the Dungeon
  3149 | D:5      | Noticed Dowan
  3151 | D:5      | Noticed Duvessa
  3343 | D:5      | Noticed Sigmund
  3376 | D:5      | Killed Sigmund
  3376 | D:5      | Reached skill level 9 in Unarmed Combat
  3420 | D:5      | Reached skill level 1 in Polearms
  3564 | D:5      | Killed Dowan
  3781 | D:5      | Reached XP level 9. HP: 53/62 MP: 11/11
  3896 | D:5      | Killed Duvessa
  3898 | D:5      | Reached skill level 10 in Unarmed Combat
  4280 | D:5      | Found an iron altar of Okawaru.
  5645 | D:7      | Reached skill level 11 in Unarmed Combat
  5664 | D:7      | Reached XP level 10. HP: 72/72 MP: 12/12
  5778 | D:7      | Reached skill level 5 in Fighting
  5914 | D:7      | Found a staircase to the Ecumenical Temple.
  5925 | Temple   | Entered the Ecumenical Temple
  6006 | Temple   | Became a worshipper of Cheibriados the Contemplative
  6180 | D:7      | Identified a scroll of acquirement
  6187 | D:7      | Got a smoking buckler
  6194 | D:7      | Identified the +2 buckler "Axzemati" {-Cast rF+ MR+} (You acquired it on level 7 of the Dungeon)
  6336 | D:8      | Noticed a two-headed ogre
  6351 | D:8      | Killed a two-headed ogre
  6681 | D:8      | Reached skill level 12 in Unarmed Combat
  6945 | D:8      | Found a burning altar of Makhleb.
  6945 | D:8      | Found a glowing golden altar of the Shining One.
  6946 | D:8      | Found a white marble altar of Elyvilon.
  6979 | D:8      | Reached skill level 1 in Dodging
  6990 | D:8      | Reached * piety under Cheibriados
  7063 | D:8      | Noticed a two-headed ogre
  7064 | D:8      | Noticed a two-headed ogre
  7086 | D:8      | Killed a two-headed ogre
  7091 | D:8      | Mangled by a two-headed ogre

Skill      XL: |  1  2  3  4  5  6  7  8  9 10 |
---------------+-------------------------------+-----
Unarmed Combat | 1 2 3 4 7 8 9 11 12 | 12.6
Fighting       | 2 4 6 |  6.2
Polearms       | 1 4 |  4.3
Dodging        | 2 |  2.4
Crossbows      | |  1.2
Throwing       | |  1.2
Armour         | |  3.4
Spellcasting   | |  1.3
Air Magic      | |  1.5
Evocations     | |  1.1

Action                   |  1- 3 |  4- 6 |  7- 9 | 10-12 || total
-------------------------+-------+-------+-------+-------++-------
Melee: Dagger            |       |   137 |    43 |       ||   180
       Unarmed           |       |    17 |    15 |   137 ||   169
       Kick              |       |     6 |       |       ||     6
       Punch             |       |     6 |    14 |     3 ||    23
       Scythe            |       |       |   190 |    43 ||   233
 Fire: Hand crossbow     |    57 |    68 |     9 |       ||   134
 Cast: Beastly Appendage |       |     2 |       |       ||     2
 Abil: Dig               |       |       |     6 |       ||     6
  Use: Scroll            |     1 |       |     5 |     6 ||    12
       Potion            |       |       |       |     2 ||     2
 Stab: Invisible         |       |       |       |     3 ||     3
  Eat: Chunk             |       |     4 |    13 |     5 ||    22
Armor: Ring mail         |    13 |       |    99 |    41 ||   153
       Steam dragon scal |       |    82 |     2 |       ||    84
Dodge: Dodged            |    21 |   144 |   219 |   143 ||   527
Block: Buckler           |       |       |       |    36 ||    36
